 Dungeon Crawl Stone Soup version 0.18.1-48-g4cf74bf (webtiles) character file.

9342 Alarkh the Archer (level 11, -29/72 HPs)
             Began as a Mummy Hunter on Aug 14, 2016.
             Was a Priest of Okawaru.
             Blown up by a great orb of eyes (41 damage)
             ... with a disintegration bolt
             ... on level 10 of the Dungeon.
             The game lasted 00:21:00 (12673 turns).

Alarkh the Archer (Mummy Hunter)                   Turns: 12673, Time: 00:21:01

Health: -29/72     AC: 19    Str: 16    XL:     11   Next: 21%
Magic:  11/11      EV:  9    Int: 13    God:    Okawaru [***...]
Gold:   146        SH:  0    Dex: 15    Spells: 0 memorised, 10 levels left

rFire  x . .     SeeInvis .     b - +5 spear (venom)
rCold  + . .     Gourm    .     y - +2 pearl dragon armour
rNeg   + + +     Faith    .     (no shield)
rPois  ∞         Spirit   .     n - +0 helmet
rElec  .         Dismiss  .     H - +2 cloak
rCorr  +         Reflect  .     g - +2 pair of gloves
SustAt .         Harm     .     (no boots)
MR     +....                    A - amulet of regeneration
Stlth  ..........               B - ring of resist corrosion
                                G - +2 ring of dexterity

@: somewhat resistant to hostile enchantments, extremely unstealthy
A: no food or potions, fire vulnerability, cold resistance 1, negative energy
resistance 3, torment resistance, unbreathing
a: Heroism, Renounce Religion


You were on level 10 of the Dungeon.
You worshipped Okawaru.
Okawaru was most pleased with you.
You were not hungry.

You visited 2 branches of the dungeon, and saw 11 of its levels.
You also visited: Ossuary.

You collected 812 gold pieces.
You spent 666 gold pieces at shops.

Inventory:

Hand Weapons
 a - a +2 shortbow of flaming
 b - a +5 spear of venom (weapon)
 c - a +1 shortbow
 s - a +0 short sword
 w - a +4 quarterstaff of chaos
 x - a +0 quarterstaff of draining
Missiles
 d - 177 arrows
Armour
 g - a +2 pair of gloves (worn)
 n - a +0 helmet (worn)
 y - a +2 pearl dragon armour (worn)
 C - the +5 robe "Raurufik" {rElec Int+4}
   (You found it on level 9 of the Dungeon)

   It affects your intelligence (+4).
   It insulates you from electricity.
 H - a +2 cloak (worn)
Jewellery
 e - an uncursed ring of flight
 k - an uncursed amulet of magic regeneration
 A - an amulet of regeneration (around neck)
 B - a ring of resist corrosion (right hand)
 E - an uncursed ring of wizardry
 G - a +2 ring of dexterity (left hand)
Wands
 r - a wand of flame (31/48)
 u - a wand of iceblast (7/15)
 v - a wand of disintegration (0/24)
 F - a wand of slowing (24/48)
Scrolls
 f - a scroll of holy word {unknown}
 h - a scroll of fear
 i - 2 scrolls of teleportation
 j - 4 scrolls of noise
 l - 3 scrolls of remove curse
 o - 5 scrolls of amnesia
 p - a scroll of magic mapping
 q - a scroll of random uselessness
 z - a scroll of fog
 D - a scroll of brand weapon
Books
 m - a book of Envenomations

   Spells                             Type                      Level
   a - Spider Form                    Transmutation/Poison         3
   b - Olgreb's Toxic Radiance        Poison                       4
   c - Alistair's Intoxication        Transmutation/Poison         5
   d - Poisonous Cloud                Conjuration/Poison/Air       6


   Skills:
 - Level 2.0 Fighting
 + Level 14.5 Bows
 - Level 1.5 Dodging
 - Level 0.7 Stealth


You had 10 spell levels left.
You didn't know any spells.

Dungeon Overview and Level Annotations

Branches:
Dungeon (10/15)            Temple (1/1) D:7             Orc (0/2) D:10
   Lair: D:8-11

Altars:
Ashenzari
Cheibriados
Dithmenos
Elyvilon
Fedhas
Gozag
Kikubaaqudgha
Makhleb
Nemelex Xobeh
Okawaru
Pakellas
Qazlal
Ru
Sif Muna
Trog
Vehumet
Xom
Yredelemnul
Zin
The Shining One

Shops:
D:4 (   D:7 %*?*(   D:10 *

Annotations:
D:7 exclusion: adder
D:10 1 exclusion


Innate Abilities, Weirdness & Mutations

You do not eat or drink.
Your flesh is vulnerable to fire.
You are immune to poison.
Your flesh is cold resistant.
You are immune to negative energy.
You are immune to unholy pain and torment.
You can survive without breathing.


Message History

The great orb of eyes barely misses you.
You hit the great orb of eyes.
The great orb of eyes is heavily wounded.
The great orb of eyes gazes at you.
You are blasted!
You hit the great orb of eyes but do no damage.
The great orb of eyes is heavily wounded.
The great orb of eyes barely misses you.
You hit the great orb of eyes but do no damage.
The great orb of eyes is heavily wounded.
The great orb of eyes looks more healthy.
The great orb of eyes gazes at you.
You are blasted!
* * * LOW HITPOINT WARNING * * *
You puncture the great orb of eyes!
The great orb of eyes is severely wounded.
The great orb of eyes gazes at you.
You are blasted!
Ouch! That really hurt!
You die...

#...........###.###.#...#.###...
#..########.# #.###+#+#+#+##....
#.## #.###'##) $?((()(##... #.#
#.##8.8##### ## ##.. #.#
#.###.##############.. ##.# #.#
#..'.........'.... #..# #.#
#.#####...######.. #.## #.#
#G#...#.8.#.####.. #..## #.#
#@#...#...#.##.... ##..##
#.###.....#####....... ##..##
#.#................... ##..##
#.#+#####.#####.#####. ##..##
#.# #...#.#.[.#.#...#. ##..##
#.# #...#.#...#.#†..#. ##..###.#
#...'.'..)'.'.!.#.
##..##.###################.
##........................


You could see a great orb of eyes.

Vanquished Creatures
  Pikel (D:3)
  A hill giant (D:10)
  Psyche (D:8)
  A troll (D:10)
  A two-headed ogre (D:9)
  Grinder (D:3)
  A wyvern (D:8)
  6 humans
  3 yaks (D:9)
  A hippogriff (D:9)
  2 hungry ghosts (D:7)
  Menkaure (D:4)
  A water moccasin (D:7)
  Duvessa (D:6)
  A sky beast (D:5)
  3 slaves
  A black bear (D:7)
  An ice beast (D:9)
  A sky beast (shapeshifter) (D:10)
  4 orc warriors
  2 phantoms
  6 centaurs
  2 ogres (D:7)
  5 giant frogs
  Blork the orc (D:6)
  5 scorpions
  15 killer bees
  Dowan (D:6)
  A water moccasin skeleton (D:4)
  5 howler monkeys
  6 crimson imps
  2 centaur zombies
  2 jellies
  8 orc priests
  2 giant frog skeletons
  4 hounds
  Crazy Yiuf (D:6)
  Jessica (D:3)
  An iguana (D:8)
  10 orc wizards
  11 worker ants
  Natasha (thrice) (D:3)
  4 sheep (D:7)
  A hound skeleton (D:5)
  A hound zombie (D:9)
  8 mummies (Ossuary)
  Robin (D:3)
  2 worker ant zombies (D:9)
  3 gnolls (D:9)
  6 adders
  3 shadow imps
  2 oozes
  An adder skeleton (D:7)
  An adder zombie (D:5)
  A worm (D:4)
  A dart slug (D:2)
  7 giant geckos
  41 orcs
  10 bats
  6 giant cockroaches
  10 goblins
  11 hobgoblins
  6 jackals
  10 kobolds
  6 quokkas
  A ball python (D:1)
  A giant gecko zombie (D:5)
  5 giant newts
  2 gnoll zombies (Ossuary)
  3 hobgoblin zombies (Ossuary)
  3 kobold zombies (Ossuary)
  4 rats
288 creatures vanquished.

Vanquished Creatures (others)
  A centaur (D:7)
  A crocodile (D:7)
2 creatures vanquished.

Grand Total: 290 creatures vanquished

Notes
Turn   | Place    | Note
--------------------------------------------------------------
     0 | D:1      | Alarkh the Mummy Hunter began the quest for the Orb.
     0 | D:1      | Reached XP level 1. HP: 16/16 MP: 1/1
   418 | D:1      | Reached XP level 2. HP: 22/22 MP: 2/2
   741 | D:1      | Reached skill level 4 in Bows
  1075 | D:2      | Reached XP level 3. HP: 27/27 MP: 3/3
  1275 | D:2      | Found a stormy altar of Qazlal.
  1763 | D:3      | Noticed Robin
  1769 | D:3      | Reached XP level 4. HP: 33/33 MP: 4/4
  1773 | D:3      | Killed Robin
  1912 | D:3      | Noticed Grinder
  1937 | D:3      | Killed Grinder
  1937 | D:3      | Reached skill level 6 in Bows
  1937 | D:3      | Reached XP level 5. HP: 38/38 MP: 5/5
  1937 | D:3      | Reached XP level 6. HP: 44/44 MP: 6/6
  2031 | D:3      | Found a deep blue altar of Sif Muna.
  2032 | D:3      | Found a glowing golden altar of the Shining One.
  2077 | D:3      | Noticed Jessica
  2082 | D:3      | Killed Jessica
  2115 | D:3      | Noticed Natasha
  2121 | D:3      | Killed Natasha
  2152 | D:3      | Noticed Natasha
  2160 | D:3      | Killed Natasha
  2489 | D:3      | Found a deep blue altar of Sif Muna.
  2490 | D:3      | Found a glowing golden altar of the Shining One.
  2712 | D:3      | Noticed Natasha
  2906 | D:3      | Killed Natasha
  3055 | D:4      | Noticed Pikel
  3056 | D:4      | Noticed a slave
  3056 | D:4      | Noticed a slave
  3056 | D:4      | Noticed a slave
  3056 | D:4      | Noticed a slave
  3126 | D:4      | Noticed Menkaure
  3288 | D:4      | Found a sand-covered staircase.
  3293 | Ossuary  | Entered an ossuary
  3393 | Ossuary  | Reached skill level 7 in Bows
  3398 | Ossuary  | Reached XP level 7. HP: 50/50 MP: 7/7
  3932 | D:4      | Found a radiant altar of Vehumet.
  3939 | D:4      | Found Qicacuobb's Weapon Shoppe.
  4222 | D:4      | Bought a +2 spear of venom for 171 gold pieces
  4359 | D:4      | Found Qicacuobb's Weapon Shoppe.
  4367 | D:4      | Found a radiant altar of Vehumet.
  5383 | D:3      | Killed Pikel
  5383 | D:3      | Reached skill level 9 in Bows
  5383 | D:3      | Reached XP level 8. HP: 26/56 MP: 8/8
  5591 | D:5      | Entered Level 5 of the Dungeon
  6137 | D:4      | Killed Menkaure
  6137 | D:4      | Reached skill level 10 in Bows
  6396 | D:6      | Noticed Blork the orc
  6408 | D:6      | Killed Blork the orc
  6592 | D:6      | Noticed Crazy Yiuf
  6643 | D:6      | Killed Crazy Yiuf
  6858 | D:6      | Reached XP level 9. HP: 30/61 MP: 9/9
  7268 | D:6      | Reached skill level 11 in Bows
  7311 | D:6      | Noticed Duvessa
  7311 | D:6      | Noticed Dowan
  7319 | D:6      | Killed Dowan
  7326 | D:6      | Killed Duvessa
  7809 | D:6      | Found a sacrificial altar of Ru.
  8448 | D:7      | Found Onuxu's General Store.
  8456 | D:7      | Bought 19 arrows for 45 gold pieces
  8495 | D:7      | Found Korud's General Store.
  8495 | D:7      | Found Qiutig's Magic Scroll Shop.
  8499 | D:7      | Found Zeurghiext's Food Shop.
  8608 | D:7      | Found Uckir's Antique Weapon Shop.
  8641 | D:7      | Reached skill level 12 in Bows
  8774 | D:7      | Found an ancient bone altar of Kikubaaqudgha.
  8955 | D:7      | Found a shadowy altar of Dithmenos.
  8988 | D:7      | Reached XP level 10. HP: 67/67 MP: 10/10
  9016 | D:7      | Found a staircase to the Ecumenical Temple.
  9024 | Temple   | Entered the Ecumenical Temple
  9120 | Temple   | Became a worshipper of Warmaster Okawaru
  9248 | D:7      | Found an oddly glowing altar of Pakellas.
  9248 | D:7      | Noticed an orange crystal statue
  9594 | D:8      | Noticed Psyche
  9609 | D:8      | Killed Psyche
  9886 | D:8      | Reached * piety under Okawaru
 10219 | D:8      | Reached skill level 13 in Bows
 10791 | D:9      | Got an opalescent robe
 10830 | D:9      | Identified the +5 robe "Raurufik" {rElec Int+4} (You found it on level 9 of the Dungeon)
 11146 | D:9      | Reached ** piety under Okawaru
 11237 | D:9      | Found a shattered altar of Ashenzari.
 11704 | D:10     | Entered Level 10 of the Dungeon
 11722 | D:10     | Reached skill level 14 in Bows
 11746 | D:10     | Reached XP level 11. HP: 42/72 MP: 11/11
 11791 | D:10     | Reached *** piety under Okawaru
 11852 | D:10     | Found Hyrphe's Assorted Antiques.
 11860 | D:10     | Bought a glowing quarterstaff for 100 gold pieces
 11860 | D:10     | Bought a blackened iron ring for 125 gold pieces
 11860 | D:10     | Bought a twisted bronze wand for 100 gold pieces
 11860 | D:10     | Bought a knobbly wooden ring for 125 gold pieces
 11911 | D:10     | Found a staircase to the Orcish Mines.
 12189 | D:10     | Noticed a hill giant
 12234 | D:10     | Killed a hill giant
 12631 | D:10     | Noticed a great orb of eyes
 12673 | D:10     | Blown up by a great orb of eyes

Skill      XL: |  1  2  3  4  5  6  7  8  9 10 |
---------------+-------------------------------+-----
Bows           | 4 6 7 9 10 12 14 | 14.5
Fighting       | |  2.0
Dodging        | |  1.5
Stealth        | |  0.7

Action                   |  1- 3 |  4- 6 |  7- 9 | 10-12 || total
-------------------------+-------+-------+-------+-------++-------
Melee: Spear             |       |       |   268 |   479 ||   747
 Fire: Shortbow          |   108 |   206 |   215 |   134 ||   663
  Use: Scroll            |     1 |     5 |    10 |     5 ||    21
 Stab: Sleeping          |       |       |     1 |       ||     1
       Distracted        |       |       |       |     1 ||     1
Armor: Leather armour    |    13 |    21 |    99 |       ||   133
       Pearl dragon armo |       |       |    24 |   341 ||   365
Dodge: Dodged            |    22 |    58 |   155 |   252 ||   487
